 Dungeon Crawl Stone Soup version 0.19-a0-1932-g59670f6 (webtiles) character file.

40124 motkurii the Severer (level 13, -21/187 HPs)
             Began as a Minotaur Berserker on Oct 25, 2016.
             Was a High Priest of Trog.
             Demolished by an orc knight
             ... wielding a +0 trident
              (29 damage)
             ... in a bailey.
             The game lasted 00:28:31 (14189 turns).

motkurii the Severer (Minotaur Berserker)          Turns: 14189, Time: 00:28:32

Health: -21/187    AC: 19    Str: 33    XL:     13   Next: 72%
Magic:  0/12       EV:  9    Int:  4    God:    Trog [*****.]
Gold:   1071       SH:  0    Dex: 13    Spells: 0 memorised, 12 levels left

rFire  . . .     SeeInvis .     y - +0 war axe
rCold  + + +     Gourm    +     B - +1 plate armour {MR+}
rNeg   . . .     Faith    .     (no shield)
rPois  +         Spirit   +     k - +1 hat {Spirit}
rElec  .         Reflect  .     u - +0 cloak {+Inv}
rCorr  .         Harm     .     (no gloves)
MR     ++...                    (no boots)
Stlth  ..........               S - amulet "Kierph" {Gourm rPois rC+++ Str+4 Stlth-}
                                W - ring of protection from magic
                                e - +4 ring of slaying

@: berserking, very quick
A: retaliatory headbutt, horns 2
a: Berserk, Trog's Hand, Brothers in Arms, Burn Spellbooks, Renounce Religion,
Evoke Invisibility


You were in a bailey.
You worshipped Trog.
Trog was extremely pleased with you.
You were full.

You visited 2 branches of the dungeon, and saw 16 of its levels.
You also visited: Bailey.

You collected 1071 gold pieces.

Inventory:

Hand Weapons
 y - a +0 war axe (weapon)
 R - a +0 whip
Missiles
 d - 410 stones (quivered)
Armour
 k - a +1 hat of spirit shield (worn)
 u - a +0 cloak of invisibility (worn)
 B - a +1 plate armour of magic resistance (worn)
Jewellery
 e - a +4 ring of slaying (left hand)
 f - a cursed +2 amulet of reflection {unknown}
 x - an uncursed ring of see invisible
 z - a +2 ring of evasion
 L - a +4 ring of strength
 O - an uncursed ring of resist corrosion
 Q - an uncursed amulet of regeneration {unknown}
 S - the amulet "Kierph" (around neck) {Gourm rPois rC+++ Str+4 Stlth-}
   (You found it on level 1 of the Lair of Beasts)

   [amulet of the gourmand]

   It allows you to eat raw meat even when not hungry.
   It affects your strength (+4).
   It renders you almost immune to cold.
   It protects you from poison.
   It makes you less stealthy.
 W - a ring of protection from magic (right hand)
Wands
 a - a wand of digging (10/24)
 I - a wand of teleportation (3/9)
Scrolls
 i - 9 scrolls of remove curse
 j - 4 scrolls of teleportation
 m - 4 scrolls of enchant armour
 s - 4 scrolls of magic mapping
 t - 3 scrolls of fog
 w - a scroll of brand weapon {unknown}
 E - 2 scrolls of blinking
 F - a scroll of fear {unknown}
 H - 4 scrolls of recharging
 K - 5 scrolls of enchant weapon
Potions
 b - a potion of cancellation {unknown}
 g - 2 potions of brilliance {unknown}
 l - 3 potions of might
 o - a potion of resistance {unknown}
 p - 3 potions of curing {unknown}
 q - 2 potions of ambrosia {unknown}
 r - 7 potions of flight
 v - 3 potions of agility {unknown}
 C - a potion of magic {unknown}
 D - 2 potions of heal wounds {unknown}
 G - 2 potions of haste {unknown}
 M - 3 potions of invisibility {unknown}
 N - a potion of mutation {unknown}
 P - 2 potions of lignification {unknown}
 U - a potion of degeneration {unknown}
Comestibles
 c - 12 bread rations
 h - 7 meat rations
 A - 2 slices of pizza
 J - 19 fruits


   Skills:
 + Level 14.5 Fighting
 * Level 19.1 Axes
 + Level 13.5 Armour
 - Level 2.1 Dodging


You had 12 spell levels left.
You didn't know any spells.

Dungeon Overview and Level Annotations

Branches:
Dungeon (10/15)            Temple (0/1) D:6            Lair (6/6) D:8
  Swamp (0/4) Lair:3        Snake (0/4) Lair:3        Slime (0/5) Lair:5
    Orc (0/2) D:10

Altars:
Xom
Jiyva

Shops:
D:5 *

Portals:
Trove: D:10 (show abyssal rune of Zot)


Innate Abilities, Weirdness & Mutations

You reflexively headbutt those who attack you in melee.
You have a pair of horns on your head.


Message History

Unknown command.
You slash the orc knight! Your headbutt misses the orc knight.
The orc knight is severely wounded.
The orc warrior shoots a bolt.
The bolt hits you!
* * * LOW HITPOINT WARNING * * *
The orc knight hits you with a trident!!
* * * LOW HITPOINT WARNING * * *
Unknown command.
Unknown command.
You slash the orc knight!
The orc knight is severely wounded.
The orc knight roars a battlecry!
The orc warrior goes into a battle-frenzy!
The orc warrior shoots a bolt.
The bolt hits you but does no damage.
Unknown command.
You barely miss the orc knight.
The orc knight is severely wounded.
Unknown command.
The orc knight hits you with a trident!!
You die...

### ###
##.###########∩####
#)..##.....##.∩.##.
#(..#..≈≈≈..#..(#..
#$@o#.≈≈o≈≈.......≈
#((.(.≈ooo≈(.....(≈
#..(#(≈≈o≈≈...(.(.≈
#=.o#(.≈≈≈..#(.(#(.
#$..##.(...##.(.##(
##.###########∩####
### ###


You could see 2 orc knights, 3 orc warriors and an orc.

Vanquished Creatures
  Gastronok (Lair:2)
  Kirke (Lair:5)
  The ghost of Avanven the Stickfighter, a journeyman FoFi of Okawaru (Lair:4)
  Snorg (Lair:4)
  8 hydras
  Nergalle (Lair:2)
  An orc knight (Bailey)
  An elephant (D:8)
  A black mamba (Lair:6)
  8 spiny frogs
  Psyche (D:9)
  7 komodo dragons
  3 rime drakes
  A merfolk (D:9)
  4 polar bears (Lair:6)
  A troll (D:9)
  2 two-headed ogres (D:9)
  4 hornets (Lair:6)
  6 dream sheep (Lair:3)
  8 blink frogs (Lair:2)
  7 hippogriffs
  13 spriggans (Lair:6)
  33 yaks
  2 basilisks
  3 hogs (Lair:5)
  4 nagas (Lair:3)
  15 water moccasins
  8 porcupines
  4 sky beasts
  2 orc warriors
  2 black bears
  4 ogres
  A phantom (D:9)
  24 wolves
  2 boggarts (Lair:6)
  2 necrophages
  3 centaurs
  10 crocodiles
  A big kobold (D:7)
  Blork the orc (D:6)
  9 bullfrogs
  An electric eel (Lair:2)
  A howler monkey (D:6)
  A crimson imp (D:6)
  A centaur zombie (D:6)
  2 quasits (D:8)
  A bullfrog zombie (D:10)
  4 hounds
  2 jellies
  9 orc priests
  3 iguanas
  Crazy Yiuf (D:2)
  Jessica (D:2)
  6 orc wizards
  A killer bee zombie (D:8)
  A worker ant (D:9)
  A hound zombie (D:6)
  A howler monkey skeleton (D:7)
  A worker ant zombie (D:6)
  2 gnolls (D:1)
  4 adders
  2 shadow imps
  2 oozes
  An adder skeleton (D:8)
  5 worms
  5 dart slugs
  7 leopard geckos
  45 orcs
  4 giant cockroaches
  10 goblins
  8 hobgoblins
  11 jackals
  4 quokkas
  11 bats
  3 frilled lizards
  8 kobolds
  A leopard gecko skeleton (D:8)
  A leopard gecko zombie (D:8)
  8 rats
  8 fungi
  A plant (Lair:6)
400 creatures vanquished.

Vanquished Creatures (others)
  5 dream sheep (D:4)
  5 fungi
  9 plants
19 creatures vanquished.

Grand Total: 419 creatures vanquished

Notes
Turn   | Place    | Note
-------+----------+-------------------------------------------
     0 | D:1      | motkurii the Minotaur Berserker began the quest for the Orb.
     0 | D:1      | Reached XP level 1. HP: 19/19 MP: 0/0
   105 | D:1      | Reached skill level 4 in Axes
   105 | D:1      | Reached XP level 2. HP: 16/27 MP: 1/1
   217 | D:1      | Reached XP level 3. HP: 31/33 MP: 2/2
   521 | D:1      | Reached skill level 5 in Axes
   602 | D:1      | Reached ** piety under Trog
   861 | D:2      | Reached XP level 4. HP: 41/41 MP: 3/3
   939 | D:2      | Noticed Jessica
   948 | D:2      | Killed Jessica
  1268 | D:2      | Reached skill level 6 in Axes
  1485 | D:2      | Found a runed door.
  1529 | D:2      | Noticed Crazy Yiuf
  1535 | D:2      | Killed Crazy Yiuf
  1535 | D:2      | Reached XP level 5. HP: 19/47 MP: 4/4
  1557 | D:2      | HP: 2/47 [poisoned by Crazy Yiuf]
  1796 | D:3      | Reached skill level 5 in Fighting
  2540 | D:4      | Reached XP level 6. HP: 49/56 MP: 5/5
  2574 | D:4      | Reached *** piety under Trog
  2605 | D:4      | Reached skill level 7 in Axes
  3080 | D:4      | Found a shimmering altar of Xom.
  3080 | D:4      | Noticed a dream sheep
  3080 | D:4      | Noticed a dream sheep
  3080 | D:4      | Noticed a dream sheep
  3080 | D:4      | Noticed a dream sheep
  3080 | D:4      | Noticed a dream sheep
  3085 | D:4      | Killed a dream sheep
  3085 | D:4      | Killed a dream sheep
  3085 | D:4      | Killed a dream sheep
  3085 | D:4      | Killed a dream sheep
  3085 | D:4      | Killed a dream sheep
  3447 | D:5      | Entered Level 5 of the Dungeon
  3515 | D:5      | Reached XP level 7. HP: 47/63 MP: 6/6
  3835 | D:5      | Found Huxofuo's Assorted Antiques.
  4313 | D:6      | Reached skill level 8 in Axes
  4498 | D:6      | Noticed Blork the orc
  4500 | D:6      | Reached skill level 9 in Axes
  4500 | D:6      | Reached skill level 5 in Armour
  4516 | D:6      | Killed Blork the orc
  4516 | D:6      | Reached XP level 8. HP: 60/73 MP: 7/7
  4615 | D:6      | Found a staircase to the Ecumenical Temple.
  4665 | D:6      | Reached **** piety under Trog
  4971 | D:7      | Reached skill level 10 in Axes
  5413 | D:8      | Noticed an elephant
  5414 | D:8      | Found a staircase to the Lair.
  5434 | D:8      | Killed an elephant
  5434 | D:8      | Reached skill level 11 in Axes
  5434 | D:8      | Reached XP level 9. HP: 13/82 MP: 8/8
  5590 | Lair:1   | Entered Level 1 of the Lair of Beasts
  6015 | Lair:1   | Noticed a komodo dragon
  6022 | Lair:1   | Killed a komodo dragon
  6022 | Lair:1   | Reached skill level 12 in Axes
  6090 | Lair:1   | Noticed a six-headed hydra
  6100 | Lair:1   | Killed a six-headed hydra
  6100 | Lair:1   | Reached XP level 10. HP: 91/91 MP: 9/9
  6278 | Lair:1   | Reached skill level 13 in Axes
  6454 | Lair:1   | Got an ancient bronze amulet
  6731 | Lair:1   | Identified the amulet "Kierph" {Gourm rPois rC+++ Str+4 Stlth-} (You found it on level 1 of the Lair of Beasts)
  6768 | Lair:2   | Noticed a six-headed hydra
  6787 | Lair:1   | Killed a six-headed hydra
  6787 | Lair:1   | Reached skill level 10 in Fighting
  7297 | Lair:2   | Noticed a spiny frog
  7304 | Lair:2   | Killed a spiny frog
  7369 | Lair:2   | Reached skill level 14 in Axes
  7462 | Lair:2   | Noticed Gastronok
  7482 | Lair:2   | Killed Gastronok
  7482 | Lair:2   | Reached skill level 10 in Armour
  7482 | Lair:2   | Reached XP level 11. HP: 102/102 MP: 10/10
  7625 | Lair:2   | Reached skill level 15 in Axes
  7955 | Lair:2   | Noticed Nergalle
  7964 | Lair:2   | Killed Nergalle
  8144 | Lair:3   | Found a staircase to the Swamp.
  8208 | Lair:3   | Found a staircase to the Snake Pit.
  8217 | Lair:3   | Reached ***** piety under Trog
  8605 | Lair:3   | Reached skill level 16 in Axes
  8796 | Lair:4   | Noticed a five-headed hydra
  8804 | Lair:4   | Killed a five-headed hydra
  8804 | Lair:4   | Reached XP level 12. HP: 112/112 MP: 9/11
  8832 | Lair:4   | Noticed Avanven's ghost (journeyman FoFi)
  8858 | Lair:4   | Killed Avanven's ghost
  9812 | D:9      | Received a gift from Trog
 10170 | D:9      | Noticed Psyche
 10177 | D:9      | Killed Psyche
 10177 | D:9      | Received a gift from Trog
 10268 | D:9      | Reached skill level 17 in Axes
 10559 | Lair:4   | Noticed a seven-headed hydra
 10570 | Lair:4   | Killed a seven-headed hydra
 10758 | Lair:4   | Noticed an eight-headed hydra
 10768 | Lair:4   | Killed an eight-headed hydra
 10982 | Lair:4   | Noticed Snorg
 10990 | Lair:4   | Killed Snorg
 11325 | Lair:5   | Noticed Kirke
 11348 | Lair:5   | Killed Kirke
 11450 | Lair:5   | Reached XP level 13. HP: 115/122 MP: 12/12
 11648 | Lair:5   | Reached skill level 18 in Axes
 11842 | Lair:5   | Found a viscous altar of Jiyva.
 11842 | Lair:5   | Found a staircase to the Slime Pits.
 11992 | Lair:6   | Entered Level 6 of the Lair of Beasts
 12057 | Lair:6   | Received a gift from Trog
 13057 | Lair:6   | Reached skill level 19 in Axes
 13701 | D:10     | Entered Level 10 of the Dungeon
 13721 | D:10     | Found a portal to a secret trove of treasure.
 13737 | D:10     | Received a gift from Trog
 13785 | D:10     | Found a flagged portal.
 13791 | Bailey   | Entered a bailey
 14186 | Bailey   | HP: 7/187 [orc knight/trident (22)]
 14189 | Bailey   | Demolished by an orc knight

Vault maps used:
D:1:      dpeg_arrival_simpleton_a
D:2:      uniq_crazy_yiuf_cottage, uniq_jessica
D:3:      first_bread, kennysheep_generic_room_9
D:4:      kb_xom_exploding_sheep
D:5:      serial_shops, shop_fountains
D:6:      uniq_blork_the_orc
D:8:      david_lair_generic
D:9:      hangedman_fish_farm, uniq_psyche
D:10:     david_orc_1_choice, enter_trove_6, serial_shops,
          kennysheep_little_box, enter_bailey_3, statue_in_the_mist_lemuel
Lair:1:   infiniplex_staircase_pool, grunt_megastairs_3
Lair:2:   wad_woods_04, serial_bayou_shore_a, grunt_megastairs_5, uniq_nergalle,
          uniq_gastronok
Lair:3:   swamp_mist, guppyfry_snake_entry_garden
Lair:4:   grunt_forest_large_clearings, uniq_snorg
Lair:5:   dpeg_slime_entry_enclosed_altar, uniq_kirke
Lair:6:   minmay_lair_end_enchanted_forest
Bailey:   bailey_polearm_4, bailey

Skill      XL: |  1  2  3  4  5  6  7  8  9 10 11 12 13 |
---------------+----------------------------------------+-----
Fighting       | 4 5 6 7 8 9 11 12 13 14 | 14.5
Axes           | 4 5 6 7 9 11 12 14 16 17 19 | 19.1
Armour         | 3 4 5 6 8 10 11 12 13 | 13.5
Dodging        | |  2.1

Action                   |  1- 3 |  4- 6 |  7- 9 | 10-12 | 13-15 || total
-------------------------+-------+-------+-------+-------+-------++-------
Melee: Hand axe          |    78 |   132 |       |       |       ||   210
       Headbutt          |    14 |    26 |    51 |   121 |    82 ||   294
       War axe           |       |    15 |   194 |   393 |   217 ||   819
       Whip              |       |       |     6 |    24 |    34 ||    64
Invok: Berserk           |     2 |     3 |     5 |    11 |     2 ||    23
       Burn Spellbooks   |       |       |       |     1 |     1 ||     2
  Use: Scroll            |       |       |     5 |     7 |     2 ||    14
  Eat: Chunk             |     2 |    10 |    11 |    31 |     7 ||    61
       Beef jerky        |       |       |     1 |       |       ||     1
       Pizza             |       |       |       |     2 |       ||     2
       Royal jelly       |       |       |       |     1 |       ||     1
Armor: Animal skin       |     1 |       |       |       |       ||     1
       Scale mail        |    34 |    14 |       |       |       ||    48
       Plate armour      |       |    73 |   155 |   206 |   150 ||   584
Dodge: Dodged            |    42 |    50 |    82 |   154 |   108 ||   436
